Unix NetHack Version 3.7.0-89 Work-in-progress - last build Sep 24 2023 19:26:52 (48e034876007844a536bf88644040a71d2893410,branch:master). Game began 2023-10-01 18:09:45, ended 2023-10-01 19:26:45. spontiff, neutral male gnomish Healer --------------------------------- |...............................| ----- |.----....-----|---------.....{.| #-...| |.| |....|...|..|((.|..|.......| #|.).| |.| |---.-.+]|..|$()|..-.......| #|.[.| |.| |..|.|..[|--|...|---.-----.| #|...| |.-+-|..|.----|..|-|--(.).|.(%|. #----- |....--|-..-..|..|........-.%%|.| ## |..........|..||--.-----..-----.| # #|.{..--|-.----|....|...|........| ## #|....|..|.|...|....-...|.---|-..| ---------# #|.--||..|.|@..-.--------.|...|..| |......<|# # ###-.|..|..|.|.@.|.|..|..|..|(((|..| |........############ #|.|..|---.|.d.|.-.)|..|..|(((|..| |.......|# #|.----....-----.----|--..-----..| |.......-##############|...............................| --------- --------------------------------- Spontiff the Rhizotomist St:9 Dx:10 Co:14 In:10 Wi:18 Ch:17 Neutral S:300 Dlvl:7 $:244 HP:27(29) Pw:5(5) AC:0 Xp:1/0 T:3794 Weak Burdened Latest messages: A plumed helmet lands on the altar. A pair of walking shoes lands on the altar. There is an amber flash as a small shield hits the altar. You have a little trouble lifting D - an uncursed runed dagger. You have a little trouble lifting H - an uncursed plumed helmet. You have a little trouble lifting I - an uncursed pair of walking shoes. You have a little trouble lifting K - a blessed small shield. What do you want to take off? [ghqrv or ?*] h You were wearing an uncursed +0 dented pot. What do you want to wear? [hH or ?*] H You finish your dressing maneuver. What do you want to take off? [gqrvH or ?*] H You finish taking off your helm. What do you want to wear? [hH or ?*] ? You are now wearing a dented pot. You see here a cursed pair of walking shoes. What do you want to take off? [ghqrv or ?*] v You finish taking off your boots. What do you want to wear? [vI or ?*] I You finish your dressing maneuver. What do you want to take off? [ghqrI or ?*] I You finish taking off your shoes. What do you want to drop? [$cdg-zB-KMNQ-SU-XZ or ?*] I You drop an uncursed +0 pair of walking shoes. What do you want to wear? [v or ?*] v You finish your dressing maneuver. What do you want to take off? [ghqrv or ?*] r You were wearing a blessed +1 small shield. What do you want to wear? [rK or ?*] K You are now wearing a small shield. The hill orc throws a dagger! A dagger misses you. What do you want to take off? [ghqvK or ?*] K You were wearing a blessed +0 small shield. What do you want to wear? [rK or ?*] r You are now wearing a small shield. What do you want to drop? [$cdg-zB-HJKMNQ-SU-XZ or ?*] K You drop a blessed +0 small shield. What do you want to drop? [$cdg-zB-HJMNQ-SU-XZ or ?*] l An uncursed potion called water lands on the altar. Are you sure you want to pray? [yn] (n) y You begin praying to Hermes. You finish your prayer. You feel that Hermes is displeased. #oh ffs: unknown extended command. #really?: unknown extended command. #what's with the timeoit: unknown extended command. Really quit? [yes|n] (n) yes Do you want your possessions identified? [ynq] (y) y Do you want to see the dungeon overview? [ynq] (y) q Inventory: Coins $ - 244 gold pieces Weapons W - a cursed -1 dart D - an uncursed +0 elven dagger i - an uncursed +0 orcish dagger Armor h - an uncursed +0 dented pot (being worn) H - an uncursed +0 helmet X - a blessed +0 pair of leather gloves g - an uncursed +1 pair of leather gloves (being worn) v - an uncursed +0 pair of water walking boots (being worn) r - a blessed +1 small shield (being worn) q - an uncursed +1 dwarvish cloak (being worn) d - an uncursed +0 studded leather armor (being worn) Comestibles y - an uncursed apple n - an uncursed food ration Scrolls E - a blessed scroll of enchant armor F - an uncursed scroll of remove curse Spellbooks w - an uncursed spellbook of detect unseen V - a blessed spellbook of healing Potions c - 2 uncursed potions of extra healing N - an uncursed potion of gain energy Rings p - a cursed -5 ring of increase accuracy t - an uncursed +3 ring of increase damage Q - an uncursed +1 ring of increase damage G - an uncursed ring of levitation R - an uncursed ring of regeneration Wands S - an uncursed wand of sleep (0:8) Z - an uncursed wand of sleep (0:5) Tools x - an uncursed brass lantern C - an uncursed figurine of a cockatrice z - an uncursed leash k - an uncursed skeleton key s - an uncursed stethoscope o - an uncursed tin whistle Gems/Stones j - an uncursed jet stone B - 2 uncursed worthless pieces of blue glass m - an uncursed worthless piece of red glass M - an uncursed worthless piece of violet glass U - an uncursed worthless piece of white glass J - 3 uncursed worthless pieces of yellow glass u - an uncursed worthless piece of yellowish brown glass Spontiff the Healer's attributes: Background: You were a Rhizotomist, a level 1 male gnomish Healer. You were neutral, on a mission for Hermes who was opposed by Athena (lawful) and Poseidon (chaotic). You were in the Gnomish Mines, on level 7. You entered the dungeon 3794 turns ago. There was a full moon in effect when your adventure ended. You had 0 experience points, 20 were needed to attain level 2. Your score was 300 before end-of-game adjustments. Basics: You had 27 out of 29 hit points. You had all 5 energy points (spell power). Your armor class was 0. Your wallet contained 244 zorkmids. Autopickup was on for '$!/="?' plus thrown, with exceptions. Final Characteristics: Your strength was 9 (base:10, limit:18/50). Your dexterity was 10 (limit:18). Your constitution was 14 (limit:18). Your intelligence was 10 (limit:19). Your wisdom was 18 (limit:18). Your charisma was 17 (limit:18). Final Status: You were weak from severe hunger. You were burdened; movement was slightly slowed. You were empty handed. You were unskilled in bare handed combat. Final Attributes: You were piously aligned. You were poison resistant. You had infravision. You could walk on water. You were warded. You were unlucky. Hermes was angry with you. You survived. Miscellaneous: You never encountered a bones level. Total elapsed playing time was 1 hour and 17 minutes. Major events: Turn 1: spontiff the neutral male gnomish Healer entered the dungeon 1107: entered the Gnomish Mines 3219: reached Mine Town 3794: quit Vanquished creatures: 2 watchmen 2 fog clouds a shrieker 3 gnome leaders a little dog 6 dwarves a monkey 6 dwarf zombies 3 iguanas 3 acid blobs a coyote a gas spore 5 hobbits 2 large kobolds a hobgoblin 2 yellow molds a red mold 6 gnomes 7 geckos 3 jackals 3 foxes 2 kobolds 2 goblins 5 grid bugs a bat 5 lichens 3 kobold zombies 7 newts 85 creatures vanquished. No species were genocided or became extinct. Voluntary challenges: You never hit with a wielded weapon. You were a pacifist. You read items or engraved 2 times. You never engraved Elbereth. You never genocided any monsters. You never polymorphed an object. You never changed form. You used no wishes. Achievements: You entered a shop. You entered the Gnomish Mines. You entered Minetown. You entered a temple. The Dungeons of Doom: levels 1 to 4 Level 1: Level 2: A jewelers. Level 3: A fountain, a grave. Stairs down to The Gnomish Mines. Level 4: The Gnomish Mines: levels 4 to 7 Level 4: "magic traps" Level 5: Level 6: Level 7: <- You were here. Many shops, a temple to Hermes, some fountains. Goodbye spontiff the Healer... You quit in The Gnomish Mines on dungeon level 7 with 300 points, and 244 pieces of gold, after 3794 moves. You were level 1 with a maximum of 29 hit points when you quit.